 Dungeon Crawl Stone Soup version 0.27-a0-46-g34d46f0a3f (webtiles) character file.

Game seed: 1094401203720017711

189 Borgoz the Covered (level 6, 0/43 HPs)
             Began as a Halfling Fighter on Jan 6, 2021.
             Killed from afar by an orc wizard (3 damage)
             ... with a magic dart
             ... on level 3 of the Dungeon.
             The game lasted 00:02:35 (2719 turns).

Borgoz the Covered (Halfling Fighter)               Turns: 2719, Time: 00:02:35

Health: 0/43       AC:  7    Str: 17    XL:     6   Next: 0%
Magic:  0/6        EV:  9    Int: 12    God:
Gold:   118        SH: 10    Dex: 22    Spells: 5/5 levels left

rFire    . . .     SeeInvis .   a - +0 long sword
rCold    . . .     Faith    .   c - +0 kite shield
rNeg     . . .     Spirit   +   b - +0 scale mail
rPois    +         Reflect  .   (no helmet)
rElec    .         Harm     .   (no cloak)
rCorr    .         Rampage  .   (no gloves)
Will     .....     Clarity  +   (no boots)
Stlth    ..........             l - amulet of guardian spirit
HPRegen  0.14/turn              k - +6 ring of dexterity
MPRegen  0.10/turn              o - +6 ring of intelligence

@: no status effects
A: small, clarity, mutation resistance 1, poison resistance
a: no special abilities


You were on level 3 of the Dungeon.
You visited 1 branch of the dungeon, and saw 3 of its levels.

You collected 118 gold pieces.

Inventory:

Hand Weapons
 a - a +0 long sword (weapon)
Armour
 b - a +0 scale mail (worn)
 c - a +0 kite shield (worn)
Jewellery
 e - an uncursed ring of ice
 k - a +6 ring of dexterity (left hand)
 l - an amulet of guardian spirit (around neck)
 o - a +6 ring of intelligence (right hand)
Scrolls
 d - a scroll of teleportation {unknown}
 g - 3 scrolls of remove curse {unknown}
 h - a scroll of enchant armour {unknown}
 i - a scroll of blinking {unknown}
 m - a scroll of magic mapping {unknown}
 n - 2 scrolls of identify {unknown}
 q - a scroll of enchant weapon {unknown}
Potions
 j - a potion of flight {unknown}


   Skills:
 * Level 3.9 Fighting
 * Level 3.6 Long Blades
 + Level 4.0 Armour
 + Level 4.0 Shields


You had 5 spell levels left.
You didn't know any spells.
Your spell library was empty.

Dungeon Overview and Level Annotations

Branches:
Dungeon (3/15)

Altars:


Innate Abilities, Weirdness & Mutations

You are small and have problems with some larger weapons.
You are somewhat resistant to further mutation.
You possess an exceptional clarity of mind.
Your system is resistant to poisons. (rPois)


Message History

You closely miss the orc wizard.
The orc wizard is almost dead.
The orc wizard hits you but does no damage.
The orc wizard hits you with a +0 dagger.
* * * LOW HITPOINT WARNING * * *
You closely miss the orc wizard.
The orc wizard is almost dead.
The orc wizard hits you with a +0 dagger.
* * * LOW HITPOINT WARNING * * *
The orc wizard hits you but does no damage.
Okay, then.
You closely miss the orc wizard.
The orc wizard is almost dead.
The orc wizard casts a spell.
The orc wizard blinks!
It was a potion of mutation.
You feel extremely strange.
You feel resistant to poisons.
Your thoughts seem clearer.
The orc wizard gestures at you while chanting.
The magic dart hits you.
You die...

######################
≈≈≈≈≈≈≈≈≈≈≈≈≈≈≈≈≈≈≈≈≈###
≈≈≈≈≈≈≈≈≈≈≈≈≈≈≈≈≈≈≈≈≈≈≈≈
≈≈≈≈≈≈≈≈≈≈≈≈≈≈≈≈≈≈≈≈≈≈≈≈
≈≈..≈.≈≈.≈...≈≈≈)≈≈≈≈≈≈.
................@§......
............o...[.......
............########..##
.######.....# ## .#
#.....# .# ##..### .#
#..# .# #..# .# #...


You could see an orc wizard (fast).

Vanquished Creatures
  An orc priest (D:3)
  An orc wizard (D:3)
  4 gnolls (D:2)
  3 adders
  A worm (D:2)
  4 dart slugs
  4 orcs (D:3)
  3 giant cockroaches
  5 goblins
  2 hobgoblins
  6 jackals
  7 kobolds
  A quokka (D:2)
  A ball python (D:2)
  3 bats
  5 frilled lizards
  6 rats
57 creatures vanquished.

Notes
Turn   | Place    | Note
-------+----------+-------------------------------------------
     0 | D:1      | Borgoz the Halfling Fighter began the quest for the Orb.
     0 | D:1      | Reached XP level 1. HP: 15/15 MP: 1/1
   147 | D:1      | Reached XP level 2. HP: 11/20 MP: 2/2
   484 | D:1      | Reached XP level 3. HP: 23/26 MP: 3/3
  1679 | D:2      | Reached XP level 4. HP: 24/31 MP: 0/4
  1995 | D:2      | Reached XP level 5. HP: 36/36 MP: 5/5
  2217 | D:3      | Found a faded altar of an unknown god.
  2713 | D:3      | Reached XP level 6. HP: 8/43 MP: 0/6
  2717 | D:3      | HP: 2/43 [orc wizard/+0 dagger (3)]
  2719 | D:3      | Gained mutation: Your system is resistant to poisons.
                  | (rPois) [potion of mutation]
  2719 | D:3      | Gained mutation: You possess an exceptional clarity of
                  | mind. [potion of mutation]
  2719 | D:3      | Killed from afar by an orc wizard

Illustrated notes

Levels and vault maps discovered:
D:1:      minmay_arrival_cross, layout_basic
D:2:      layout_loops_corners, minmay_surrounded
D:3:      minmay_goblin_kobold_castle, layout_loops_ring,
          chequers_temple_overflow_minitemple,
          chequers_ecumenical_altar_simple_redux, gammafunk_ghost_nasty_kobolds

Skill      XL: |  1  2  3  4  5 |
---------------+----------------+-----
Fighting       | 3 |  3.9
Long Blades    | 3 |  3.6
Armour         | 4 |  4.0
Shields        | 4 |  4.0

Action                   |  1- 3 |  4- 6 || total
-------------------------+-------+-------++-------
Melee: Long sword        |    86 |   100 ||   186
  Use: Potion            |     2 |     2 ||     4
Armor: Scale mail        |    35 |    42 ||    77
Dodge: Dodged            |    29 |    38 ||    67
Block: Kite shield       |    35 |    54 ||    89
       Rpst.: Long sword |     8 |    14 ||    22

Table legend: (Time is in decaauts)
 A = Elapsed time spent in this place.
 B = Non-inter-level travel time spent in this place.
 C = Inter-level travel time spent in this place.
 D = Time resting spent in this place.
 E = Time spent auto-exploring this place.
 F = Levels seen in this place.
 G = Mean time per level.
                   A        B        C        D        E       F      G
               +--------+--------+--------+--------+--------+-----+--------+
         Total |   2778 |   2733 |     45 |    577 |   1712 |   3 |  926.0 |
       Dungeon |   2778 |   2733 |     45 |    577 |   1712 |   3 |  926.0 |
               +--------+--------+--------+--------+--------+-----+--------+

Top non-repeatable levels by time:
     D:2: 1163 daAuts
     D:1: 1094 daAuts
     D:3: 521 daAuts
